[ AOE2 MATCH · #484061998 ]
UnrankedCelts vs Khmer
Player's team · WIN
Rival team · LOSS
[ REPLAY ANALYSIS · EXTRACTED FROM THE RECORDED GAME ]
Feudal
11:11
Castle
21:49
Imperial
38:54
| APM avg | 13.4 |
| APM peak | 36 |
| eAPM avg | 10.4 |
| Villagers / military | 85 / 54 |
Focus
⚔️ 31.8% · 🌾 68.2%
Woad Raider ×29 · Militia ×9 · Spearman ×7 · Battering Ram ×7 · Trebuchet (Packed) ×2
Feudal
11:55
Castle
17:35
Imperial
36:26
| APM avg | 33.7 |
| APM peak | 99 |
| eAPM avg | 15.7 |
| Villagers / military | 111 / 53 |
Focus
⚔️ 21.6% · 🌾 78.4%
Scorpion ×17 · Scout Cavalry ×10 · Ballista Elephant ×10 · Spearman ×7 · Knight ×3 · Skirmisher ×3
Match map
Initial resources + every placement click. Lines = walls · curves = elevation contours. ◆ gold · ⬟ stone · ● berries · ✦ relic · ◌ wall gap
Your base· Open — unwalled flank
dgn.cihat's base· Open — unwalled flank
Smoothed initial terrain · ◌ = detected wall gap · hover for details
Inputs per minute
— ErBert95 - - dgn.cihat
Build order — ErBert95
First 150 of 234 actions detected
| 0:03 | Create | Villager (Male) |
| 0:03 | Create | Villager (Male) |
| 0:04 | Create | Villager (Male) |
| 0:04 | Create | Villager (Male) |
| 0:07 | Build | House |
| 0:10 | Build | House |
| 1:52 | Build | Lumber Camp |
| 2:07 | Create | Villager (Male) |
| 2:08 | Create | Villager (Male) |
| 2:30 | Create | Villager (Male) |
| 3:06 | Create | Villager (Male) |
| 3:06 | Create | Villager (Male) |
| 3:32 | Create | Villager (Male) |
| 3:32 | Create | Villager (Male) |
| 4:11 | Create | Villager (Male) |
| 4:11 | Create | Villager (Male) |
| 4:29 | Build | House |
| 4:34 | Create | Villager (Male) |
| 4:34 | Create | Villager (Male) |
| 5:00 | Create | Villager (Male) |
| 5:01 | Create | Villager (Male) |
| 5:01 | Create | Villager (Male) |
| 5:24 | Research | Loom |
| 5:25 | Create | Villager (Male) |
| 6:11 | Create | Villager (Male) |
| 6:11 | Create | Villager (Male) |
| 6:11 | Create | Villager (Male) |
| 6:29 | Build | Mining Camp |
| 6:48 | Build | House |
| 7:10 | Create | Villager (Male) |
| 9:01 | Research | Feudal Age |
| 9:07 | Build | Mill |
| 10:04 | Build | Barracks |
| 11:08 | Create | Villager (Male) |
| 11:09 | Create | Villager (Male) |
| 11:09 | Create | Villager (Male) |
| 11:09 | Create | Villager (Male) |
| 11:09 | Create | Villager (Male) |
| 11:10 | Create | Villager (Male) |
| 11:11 | Age | Feudal Age |
| 12:36 | Create | Villager (Male) |
| 12:36 | Create | Villager (Male) |
| 12:44 | Build | House |
| 12:53 | Research | Double-Bit Axe |
| 14:13 | Research | Wheelbarrow |
| 15:00 | Build | Farm |
| 15:01 | Build | Farm |
| 15:01 | Build | Farm |
| 15:01 | Build | Farm |
| 15:01 | Build | Farm |
| 15:02 | Build | Farm |
| 15:02 | Build | Farm |
| 15:02 | Build | Farm |
| 15:03 | Build | Farm |
| 15:03 | Build | Farm |
| 15:03 | Build | Farm |
| 15:04 | Build | Farm |
| 15:04 | Build | Farm |
| 15:04 | Build | Farm |
| 15:04 | Build | Farm |
| 15:41 | Build | House |
| 15:45 | Create | Villager (Male) |
| 15:45 | Create | Villager (Male) |
| 15:45 | Create | Villager (Male) |
| 15:49 | Create | Villager (Male) |
| 15:50 | Create | Villager (Male) |
| 16:29 | Build | Farm |
| 16:31 | Build | Farm |
| 16:31 | Build | Farm |
| 16:32 | Build | Farm |
| 16:34 | Build | Farm |
| 17:06 | Build | Blacksmith |
| 17:25 | Research | Stone Mining |
| 18:07 | Build | Market |
| 18:22 | Research | Gold Mining |
| 19:09 | Research | Castle Age |
| 20:04 | Create | Militia |
| 20:04 | Create | Militia |
| 20:05 | Create | Militia |
| 20:05 | Create | Militia |
| 20:07 | Create | Militia |
| 20:07 | Create | Militia |
| 20:20 | Research | Scale Mail Armor |
| 20:36 | Research | Man-at-Arms (upgrade) |
| 20:42 | Create | Militia |
| 20:43 | Create | Militia |
| 20:45 | Create | Militia |
| 21:00 | Build | House |
| 21:30 | Build | House |
| 21:32 | Build | House |
| 21:34 | Build | House |
| 21:43 | Build | House |
| 21:49 | Age | Castle Age |
| 21:49 | Research | Forging |
| 21:55 | Create | Villager (Male) |
| 21:56 | Create | Villager (Male) |
| 21:56 | Create | Villager (Male) |
| 21:56 | Create | Villager (Male) |
| 21:56 | Create | Villager (Male) |
| 21:57 | Create | Villager (Male) |
| 22:15 | Build | Town Center |
| 22:24 | Build | Farm |
| 22:25 | Build | Farm |
| 22:27 | Build | Farm |
| 22:29 | Build | Farm |
| 22:33 | Research | Bow Saw |
| 22:35 | Research | Horse Collar |
| 24:18 | Research | Hand Cart |
| 24:20 | Create | Villager (Male) |
| 24:21 | Create | Villager (Male) |
| 24:21 | Create | Villager (Male) |
| 24:21 | Create | Villager (Male) |
| 24:21 | Create | Villager (Male) |
| 24:25 | Build | Farm |
| 24:35 | Build | Castle |
| 24:49 | Research | Gold Mining |
| 24:55 | Research | Heavy Plow |
| 24:59 | Create | Villager (Male) |
| 25:00 | Create | Villager (Male) |
| 25:11 | Create | Villager (Male) |
| 25:50 | Create | Villager (Male) |
| 25:51 | Create | Villager (Male) |
| 25:51 | Create | Villager (Male) |
| 25:51 | Create | Villager (Male) |
| 26:24 | Build | Farm |
| 26:30 | Build | Farm |
| 26:42 | Create | Villager (Male) |
| 26:42 | Create | Villager (Male) |
| 26:42 | Create | Villager (Male) |
| 26:43 | Create | Villager (Male) |
| 26:43 | Create | Villager (Male) |
| 26:53 | Create | Villager (Male) |
| 26:53 | Create | Villager (Male) |
| 26:54 | Create | Villager (Male) |
| 27:34 | Build | Siege Workshop |
| 28:11 | Build | Farm |
| 28:22 | Build | Mining Camp |
| 28:38 | Research | Gold Shaft Mining |
| 29:00 | Create | Villager (Male) |
| 29:00 | Create | Villager (Male) |
| 29:01 | Create | Villager (Male) |
| 29:01 | Create | Villager (Male) |
| 29:01 | Create | Villager (Male) |
| 29:03 | Create | Villager (Male) |
| 29:34 | Build | Lumber Camp |
| 29:48 | Build | Lumber Camp |
| 30:04 | Create | Battering Ram |
| 30:04 | Create | Battering Ram |
| 30:04 | Create | Battering Ram |
| 30:11 | Create | Woad Raider |
Build order — dgn.cihat
First 150 of 271 actions detected
| 0:06 | Build | House |
| 0:10 | Build | House |
| 0:12 | Create | Villager (Male) |
| 0:12 | Create | Villager (Male) |
| 0:13 | Create | Villager (Male) |
| 0:13 | Create | Villager (Male) |
| 0:13 | Create | Villager (Male) |
| 0:50 | Research | Loom |
| 1:34 | Create | Villager (Male) |
| 1:34 | Create | Villager (Male) |
| 1:37 | Research | Loom |
| 3:30 | Create | Villager (Male) |
| 3:30 | Create | Villager (Male) |
| 3:30 | Create | Villager (Male) |
| 3:30 | Create | Villager (Male) |
| 3:31 | Create | Villager (Male) |
| 4:04 | Create | Villager (Male) |
| 4:04 | Create | Villager (Male) |
| 4:37 | Create | Villager (Male) |
| 4:37 | Create | Villager (Male) |
| 4:48 | Build | Lumber Camp |
| 4:57 | Build | House |
| 4:59 | Build | House |
| 5:28 | Create | Villager (Male) |
| 5:28 | Create | Villager (Male) |
| 5:28 | Create | Villager (Male) |
| 6:33 | Create | Villager (Male) |
| 6:33 | Create | Villager (Male) |
| 6:45 | Build | Mill |
| 7:35 | Create | Villager (Male) |
| 8:16 | Create | Villager (Male) |
| 8:17 | Create | Villager (Male) |
| 8:17 | Create | Villager (Male) |
| 8:17 | Create | Villager (Male) |
| 8:17 | Create | Villager (Male) |
| 8:18 | Create | Villager (Male) |
| 8:18 | Create | Villager (Male) |
| 8:49 | Build | Barracks |
| 9:44 | Research | Feudal Age |
| 10:00 | Build | Mining Camp |
| 10:22 | Build | House |
| 10:24 | Build | House |
| 11:04 | Create | Villager (Male) |
| 11:04 | Create | Villager (Male) |
| 11:55 | Age | Feudal Age |
| 12:13 | Research | Horse Collar |
| 12:16 | Research | Double-Bit Axe |
| 12:24 | Build | Farm |
| 12:39 | Build | Farm |
| 13:06 | Build | Farm |
| 13:08 | Build | Farm |
| 13:09 | Build | Farm |
| 13:30 | Create | Spearman |
| 13:30 | Create | Spearman |
| 13:30 | Create | Spearman |
| 14:30 | Build | Farm |
| 14:42 | Build | House |
| 14:45 | Build | House |
| 14:55 | Research | Castle Age |
| 15:12 | Build | Farm |
| 15:15 | Build | Farm |
| 15:47 | Build | Mining Camp |
| 16:08 | Build | House |
| 16:28 | Research | Stone Mining |
| 16:49 | Build | Farm |
| 17:35 | Age | Castle Age |
| 17:43 | Create | Villager (Male) |
| 17:43 | Create | Villager (Male) |
| 17:43 | Create | Villager (Male) |
| 17:47 | Research | Bow Saw |
| 18:05 | Research | Pikeman (upgrade) |
| 18:08 | Create | Spearman |
| 18:08 | Create | Spearman |
| 18:42 | Research | Heavy Plow |
| 19:13 | Create | Villager (Male) |
| 19:13 | Create | Villager (Male) |
| 19:14 | Create | Villager (Male) |
| 19:48 | Build | Town Center |
| 19:54 | Create | Villager (Male) |
| 19:54 | Create | Villager (Male) |
| 19:54 | Create | Villager (Male) |
| 20:31 | Create | Villager (Male) |
| 20:31 | Create | Villager (Male) |
| 20:32 | Create | Villager (Male) |
| 21:00 | Create | Villager (Male) |
| 21:10 | Create | Villager (Male) |
| 21:13 | Create | Villager (Male) |
| 21:58 | Build | Castle |
| 22:04 | Create | Spearman |
| 22:04 | Create | Spearman |
| 22:12 | Build | Farm |
| 22:19 | Create | Villager (Male) |
| 22:20 | Create | Villager (Male) |
| 22:36 | Build | Farm |
| 22:37 | Build | Farm |
| 22:38 | Build | Farm |
| 22:39 | Build | Farm |
| 22:41 | Build | Farm |
| 22:47 | Create | Villager (Male) |
| 22:48 | Create | Villager (Male) |
| 22:48 | Create | Villager (Male) |
| 23:04 | Build | House |
| 23:06 | Build | House |
| 24:47 | Build | Town Center |
| 24:56 | Create | Villager (Male) |
| 24:56 | Create | Villager (Male) |
| 24:56 | Create | Villager (Male) |
| 24:56 | Create | Villager (Male) |
| 25:10 | Build | Farm |
| 25:12 | Create | Villager (Male) |
| 25:12 | Create | Villager (Male) |
| 25:13 | Create | Villager (Male) |
| 25:13 | Create | Villager (Male) |
| 25:13 | Create | Villager (Male) |
| 25:25 | Build | Stable |
| 25:30 | Research | Wheelbarrow |
| 25:33 | Research | Gold Mining |
| 25:46 | Build | Farm |
| 25:47 | Build | Farm |
| 25:49 | Build | Farm |
| 25:53 | Build | Farm |
| 25:56 | Create | Villager (Male) |
| 25:57 | Create | Villager (Male) |
| 25:57 | Create | Villager (Male) |
| 25:57 | Create | Villager (Male) |
| 25:59 | Research | Town Watch |
| 26:10 | Create | Villager (Male) |
| 26:37 | Build | Siege Workshop |
| 26:44 | Build | Blacksmith |
| 26:50 | Create | Villager (Male) |
| 26:50 | Create | Villager (Male) |
| 26:50 | Create | Villager (Male) |
| 26:51 | Create | Villager (Male) |
| 26:51 | Create | Villager (Male) |
| 27:00 | Build | Farm |
| 27:09 | Create | Ballista Elephant |
| 27:14 | Create | Villager (Male) |
| 27:22 | Create | Villager (Male) |
| 27:39 | Build | Archery Range |
| 27:41 | Create | Scorpion |
| 27:42 | Create | Scorpion |
| 27:42 | Create | Scorpion |
| 28:03 | Build | Mining Camp |
| 28:05 | Create | Villager (Male) |
| 28:06 | Create | Villager (Male) |
| 28:06 | Create | Villager (Male) |
| 28:06 | Create | Villager (Male) |
| 28:21 | Create | Villager (Male) |
| 28:22 | Create | Villager (Male) |
| 28:22 | Create | Villager (Male) |
Match timeline
| 8:49 | dgn.cihat · first_building Barracks |
| 10:04 | ErBert95 · first_building Barracks |
| 11:11 | ErBert95 · age_up feudal |
| 11:55 | dgn.cihat · age_up feudal |
| 17:35 | dgn.cihat · age_up castle |
| 21:49 | ErBert95 · age_up castle |
| 21:58 | dgn.cihat · first_building Castle |
| 24:13 | ErBert95 · first_market_buy 100 stone |
| 24:35 | ErBert95 · first_building Castle |
| 25:25 | dgn.cihat · first_building Stable |
| 26:37 | dgn.cihat · first_building Siege Workshop |
| 27:34 | ErBert95 · first_building Siege Workshop |
| 27:39 | dgn.cihat · first_building Archery Range |
| 36:26 | dgn.cihat · age_up imperial |
| 38:54 | ErBert95 · age_up imperial |
| 39:23 | dgn.cihat · resign |
[ AI ANALYSIS · 1 CREDIT ]
What really happened in this match?
Wolo.gg analyzes every decision: build order, eco, micro, common mistakes by bracket. Personalized analysis on WhatsApp or Discord in 30 seconds.
Civ guide
Celts
Perfil
Jugador #20891981